 Dungeon Crawl Stone Soup version 0.30.1-9-gdf580d7c3d (webtiles) character file.

Game seed: 3453623780951928160

14 Lobotomite the Twirler (level 2, 0/16 HPs)
             Began as a Meteoran Wanderer on Oct 9, 2023.
             Slain by a worm (5 damage)
             ... on level 2 of the Dungeon.
             The game lasted 00:03:52 (623 turns).

Lobotomite the Twirler (Meteoran Wanderer)           Turns: 623, Time: 00:03:52

Health: 0/16       AC:  3    Str: 13    XL:     2   Next: 76%
Magic:  3/3        EV:  9    Int:  9    God:
Gold:   42         SH:  0    Dex: 17    Spells: 1/1 levels left

rFire   . . .        h - +1 spear (flame)
rCold   . . .        (no shield)
rNeg    . . .        e - +0 leather armour
rPois   .            (no helmet)
rElec   .            (no cloak)
rCorr   .            (no gloves)
SInv    .            (no boots)
Will    .....        (no amulet)
Stlth   +            (no ring)
HPRegen 0.22/turn    (no ring)
MPRegen 0.08/turn

%: no passive effects
@: glowing, constricted
A: sense surroundings 1, otherworldly, glowing, explore regen
a: no special abilities


You were on level 2 of the Dungeon.
You visited 1 branch of the dungeon, and saw 2 of its levels.

You collected 42 gold pieces.

Inventory:

Hand Weapons
 a - a +2 quarterstaff
 b - a +0 short sword
 h - a +1 spear of flaming (weapon)
Missiles
 m - 2 boomerangs
Armour
 e - a +0 leather armour (worn)
 f - a +0 helmet
Wands
 c - a wand of flame (6) (quivered)
Scrolls
 d - a scroll of summoning
 g - a scroll of blinking {unknown}
 k - a scroll of identify {unknown}
Potions
 i - 2 potions of invisibility {unknown}
 j - a potion of might {unknown}
 l - a potion of curing {unknown}


   Skills:
 + Level 1.4 Fighting
 - Level 1.1 Short Blades
 + Level 0.7(2.3) Polearms
 - Level 3.6(3.7) Staves
 + Level 2.7 Armour
 + Level 1.6 Dodging
 + Level 2.7 Evocations


You had one spell level left.
You didn't know any spells.
Your spell library contained the following spells:

 Spells                   Type           Power      Damage    Failure   Level
 Sting                    Tmut/Pois      0%         1d3       45%         1
 Poisonous Vapours        Pois/Air       0%         N/A       61%         2
 Olgreb's Toxic Radiance  Pois           0%         N/A       99%         4


Dungeon Overview and Level Annotations

Branches:
Dungeon (2/15) Zot: 777

Altars:


Innate Abilities, Weirdness & Mutations

You passively map a small area around you.
You are easily found by Zot.
You glow in the dark.
You regain HP and MP as you explore.


Message History

Zot has nearly found you.
Suffering is imminent.
Descend or flee this branch!
(D) Dungeon
Where to? (Enter - D:2, ? - help)
You see here a +0 ring mail.
Zot's power touches on you...
There are no items here.
(D) Dungeon
Where to? (Enter - D:2, ? - help)
You see here a +0 club.
There is a stone staircase leading down here.
You climb downwards.
The ball python hisses angrily.
There is a stone staircase leading up here.
There are monsters nearby!
You can't go down here!
You hit the worm. You burn the worm.
The worm is lightly wounded.
The worm closely misses you.
You hit the worm. You burn the worm.
The worm is heavily wounded.
The worm misses you.
You barely miss the worm.
The worm is heavily wounded.
The ball python closely misses you. The ball python grabs you.
The ball python constricts you. The ball python barely misses you.
The ball python constricts you.
You hit the worm but do no damage.
The worm is heavily wounded.
The ball python bites you. The ball python constricts you. The worm bites you.
You barely miss the worm.
The worm is moderately wounded.
The ball python closely misses you. The ball python constricts you.
You hit the worm. You burn the worm.
The worm is heavily wounded.
The ball python bites you. The ball python constricts you. The worm bites you.
You barely miss the worm.
The worm is heavily wounded.
The ball python bites you but does no damage.
The ball python constricts you. The worm bites you.
You die...

* , * ,
##.....##.
.........
*
#........
* **
#......, *
#..... * ,
, #...# ,
#..S####.#
*
#<..@w...#
, ,
#...######
** * #...#
, , ,
#...# * ,
* ** #...#
* , .....,
, , * ,
.......
<,, ,
.........
, , *


You could see a worm and a ball python.

Vanquished Creatures
  A dart slug (D:1)
  An endoplasm (D:1)
  A giant cockroach (D:1)
  2 goblins (D:1)
  A hobgoblin (D:1)
  A quokka (D:1)
  A bat (D:1)
  A frilled lizard (D:1)
  2 rats (D:1)
11 creatures vanquished.

Notes
Turn   | Place    | Note
-------+----------+-------------------------------------------
     0 | D:1      | Lobotomite the Meteoran Wanderer began the quest for the
                  | Orb.
     0 | D:1      | Lobotomite set off with the following items: a +2
                  | quarterstaff, a +0 short sword, a wand of flame (6), a
                  | scroll of summoning, a +0 leather armour.
     0 | D:1      | Reached XP level 1. HP: 16/16 MP: 2/2
   147 | D:1      | Reached XP level 2. HP: 19/23 MP: 3/3
   500 | D:1      | Glimpsed the power of Zot.
   550 | D:1      | Glimpsed the power of Zot.
   590 | D:1      | Glimpsed the power of Zot.
   600 | D:1      | Touched by the power of Zot.
   623 | D:2      | Slain by a worm

Illustrated notes

Levels and vault maps discovered:
D:1:      minmay_arrival_five_plusses, layout_loops_ring,
          dreamdust_princess_corridor
D:2:      layout_loops_cross

Action                     || total
---------------------------++-------
  Melee: Spear             ||    32
         Quarterstaff      ||     1
 Armour: Leather armour    ||     8
  Dodge: Dodged            ||    12
